[Event "Tata Steel-A 74th"]
[Site "Wijk aan Zee"]
[Date "2012.01.27"]
[Round "11"]
[White "Carlsen, Magnus"]
[Black "Topalov, Veselin"]
[Result "1-0"]
[ECO "B51"]
[WhiteElo "2835"]
[BlackElo "2770"]
[Annotator "Ramirez Alvarez,A"]
[PlyCount "111"]
[EventDate "2012.01.14"]
[EventType "tourn"]
[EventRounds "13"]
[EventCountry "NED"]
[EventCategory "21"]
[SourceTitle "CBM 147"]
[Source "ChessBase"]
[SourceDate "2012.03.16"]
[SourceVersion "1"]
[SourceVersionDate "2012.03.16"]
[SourceQuality "1"]
[TimeControl "6000+30"]

1. e4 c5 2. Nf3 d6 3. Bb5+ Nd7 4. c3 Ngf6 5. Qe2 a6 6. Ba4 Qc7 {Not the main
move, but it scores quite well. A lot of games have seen 6... b5 instead.} 7.
O-O e5 {And this is new, Volokitin had tried c4 against a weaker opponent a
few years ago.} 8. d4 b5 9. Bc2 cxd4 {This move requires a little bit of an
explanation. Black doesn't really want to concede the c3 square for White's N,
but at the same time, this move is useful because it takes the sting out of a4,
which would have been the reply to any other logical move. The position
heavily resembles a Ruy Lopez more than a Sicilian, due to the B positioning
on c2 and the pawn structure.} (9... Be7 10. a4 b4 11. dxc5 dxc5 12. Nbd2 {
[%cal Rd2c4] eeally emphasizes the weakness left on c4 by pushing the pawn.})
10. cxd4 Be7 11. Nc3 (11. a4 b4 {is nowhere near as threatening now.}) 11...
O-O 12. Bg5 h6 13. Bh4 Bb7 14. Rad1 Rac8 15. Bb3 Rfe8 16. dxe5 dxe5 17. Bg3 Bf8
18. h3 Nb6 {So far both sides have developed in a very logical fashion. Black
should be quite happy with the results of the opening: all his pieces are on
good squares and he has a sound pawn structure. His last move prepares the
very natural ...Nc4, which will block out the strong B on b3, and pressure b2.}
19. Nh4 $5 Nc4 20. Nf5 {And this is where things start to get wild. Magnus'
Nh4 was already an indication that this move will follow, as there was no
satisfactory way to meekly defend the b2 pawn.} Nxb2 21. Bh4 $5 (21. Rc1 Nc4
22. Bh4 g5 $15 {Gives White some compensation but I'm not sure it is enough.
The N on f5 does look powerful, but a pawn is a pawn. It's possible that Black
is just better in this position.}) (21. Nxh6+ $5 gxh6 22. Bh4 Bg7 (22... Qc6
23. Bxf6 Qxf6 24. Qxb2 $14) 23. Bxf6 Bxf6 24. Qg4+ Kh8 25. Rd7 Qxc3 26. Bxf7
Red8 $17 {And here White has a scary looking attack, but it does seem like
Black will survive by all means.}) 21... Nxd1 {Topalov "goes for it" but he
might not have had a choice.} (21... g5 {Seemed like the more prudent way to
play, but that is not quite the case.} 22. Rd6 $3 Bxd6 $8 23. Nxh6+ Kf8 24.
Bxg5 $13 {And despite being up a rook (!) White's threats look extremely
powerful. Specifically, Bxf6 and Qg4 or Nf5 and Bh5+. A crazy position that
should be analyzed in depth.}) 22. Bxf6 Nxc3 (22... gxf6 $2 23. Nxd1 $16 {
gives White way too much compensation for his lost material, as Qh5 is the
next move and the attack is huge.}) (22... Re6 $5 {is a very clever move. If
White takes on e6, then after fxe6 the g7-pawn will be better defended and it
kicks out the N on f5. Again, this position would require lots of analysis,
but let's take a look at the most obvious.} 23. Nxh6+ (23. Bxe6 Nxc3 $5 24.
Nxh6+ Kh7 25. Qh5 g6 $13) 23... Kh7 24. Qh5 g6 $1 25. Qh4 Bxh6 26. Rxd1 g5 $1
27. Bxg5 Rg6 $13) 23. Qg4 Bxe4 {A very logical move. The bishop hurries back
to the defense and attacks the f5-N. It also covers the b1-h7 diagonal which
can be important in many variations.} (23... Re6 {was very interesting but
it's hard to play during a game. Again, this will be analyzed in full.} 24.
Nxh6+ (24. Nxg7 $5 Rxf6 25. Ne8+ Kh8 26. Nxf6 Bg7 27. Qf5 Bxf6 28. Qxf6+ Kg8
29. Qg6+ Kf8 30. Qxh6+ Ke8 {Might just not work for White though.}) 24... Kh7
25. Nxf7 $13) 24. Nxh6+ (24. Nxg7 Kh7 25. Nxe8 Rxe8 26. Rd1 $1 {is a very
surprising resource. Here Black is powerless against the threat of Rd7, but he
can still defend once the R penetrates.} Bg6 (26... Nxd1 $4 27. Qxe4+ Kg8 28.
Qg6+) 27. Rd7 Ne2+ 28. Kf1 Ng3+ 29. fxg3 Qc1+ 30. Ke2 {with an incredibly
messy position.}) 24... Kh7 25. Bxf7 {A lot of pieces are swarming around the
black king. It is easy to say this during post mortem analysis: I just don't
see what White is threatening at the moment. However, during the heat of
battle, I can't imagine having a scarier position.} Qxf7 $2 {This is a little
bit of a panic mode.} (25... Bd3 {and I'm not sure what White's followup is.}
26. Qh5 Ne2+ 27. Kh1 Nf4 {and it looks like it's checkmate but it's not, so
Black wins.}) 26. Nxf7 gxf6 {Black still has a considerable material advantage,
but unfortunately for him his K is very exposed. Carlsen must be quick to
exploit this, because as soon as Black gets any kind of coordination he will
be lost.} 27. f4 $8 Bg6 28. Qh4+ Kg7 29. fxe5 Ne4 30. Rxf6 Bc5+ 31. Kh2 Nxf6
32. Qxf6+ Kh7 33. Ng5+ Kh6 {White has sacrificed even more material, but in
compensation Black's K is even more exposed. It is funny how those things work.
In any case, it is clear the Magnus now has a perpetual and I'm sure many GMs
would be willing to finish such an exhausting game, but that's not the
attitude that's made Magnus the #1 player in the world.} 34. Ne6 (34. Nf7+ Kh7
$11) 34... Rxe6 35. Qxe6 Re8 36. Qf6 {To be fair, it doesn't take much to
realize that White still holds a perpetual in his hands whenever he wants it.
He just has to be careful not to overpress.} Be7 $2 {I'm not sure why Topalov
gifted the a6-pawn, but maybe a loss of perspective can explain it. After
defending so much and having such wild material differences, it is sometimes
hard to remember that one pawn can make a big difference.} (36... a5 {was
quite a superior move. Not only does it save the pawn, it keeps the pressure
on e5 which is very important.}) 37. Qxa6 $14 b4 38. Qc4 Bf8 39. g4 Kh7 40. e6
Bd6+ {Move 40 has finally been reached, but sadly for Topalov his position
isn't so good any more. This is mainly due to the fact that the e6-pawn is
very hard to get to, and the two passed pawns on the kingside are very
powerful. On top of that, there is no way to create counterplay. This is a
very tough defense.} 41. Kg2 Be7 42. Qc7 {Black is almost in Zugzwang in this
position, and actually 42...Kg7 is forced.} Kg8 43. Kg3 Kf8 44. Qf4+ $6 {
An innacuracy, a better way to do what Magnus did in the game was by putting
the Q on e5 immediately.} (44. Qe5 $1 {threatening Qh8 mate.} Kg8 45. h4 {
is much more like it, with strong threats.}) 44... Kg7 45. Qd4+ Kg8 46. h4 Rd8
47. Qc4 Bd3 $6 {And with this move Topalov returns the favor, it was
imperative to take this one hope of counterplay and go for it.} (47... Rd3+ $1
48. Kg2 Rd2+ (48... Bxh4 $2 49. e7+ $18) 49. Kf3 Bxh4 {and it seems Black is
safe. Easier said with a lot of time to analyze the position though, as it
looks quite scary.}) 48. Qc6 Bb1 $2 {But this move just loses. It is way too
aggressive, which is unsurprising considering Topalov's usual 'defense'
methods, but it was not what the position required.} (48... Kg7 49. g5 Bg6 {
still gave good drawing chances since the K can't easily cross to the 4th rank
to support the pawn.}) 49. h5 {Winning but not as easily as....} (49. Qb7 $1 {
And now Black has serious problems with the positioning of his pieces.} Kf8 $2
(49... Re8 50. Qd7 Kf8 51. Qd1 {and again Q somewhere in the f-file next move.}
) (49... Bd6+ 50. Kh3 $18 {threatens both Qf7 and e7 and just e7 directly.})
50. Qf3+ Kg8 51. Qf7+) 49... Bxa2 50. Qe4 {Black is simply dominated in this
position, and his K is rapidly being entangled in a mating net.} Kh8 51. h6 Bf6
52. e7 Re8 53. Qf4 Bg7 54. hxg7+ Kxg7 55. g5 Kg8 56. Qf6 {Definitely not
Topalov's most shining moment. It is possible that he was simply winning and
that Carlsen's sacrifices were not much more than a bluff, but the bluff paid
off. Even then, the endgame was quite holdable, but Topalov's over-aggression
prevented him from cooly maintaining a passive defense, and that cost him the
game. Wild and exciting chess!} 1-0

[Event "Gashimov Memorial-B 1st"]
[Site "Shamkir"]
[Date "2014.04.22"]
[Round "3"]
[White "Motylev, Alexander"]
[Black "Wojtaszek, Radoslaw"]
[Result "0-1"]
[ECO "B51"]
[WhiteElo "2685"]
[BlackElo "2716"]
[Annotator "Sagar Shah"]
[PlyCount "68"]
[EventDate "2014.03.21"]
[EventType "tourn"]
[EventRounds "9"]
[EventCountry "AZE"]
[EventCategory "17"]
[SourceTitle "CBM 160"]
[Source "ChessBase"]
[SourceDate "2014.05.15"]
[SourceVersion "1"]
[SourceVersionDate "2014.05.15"]
[SourceQuality "1"]
[TimeControl "40/7200:20/3600:900+30"]
[WhiteClock "0:59:26"]
[BlackClock "0:56:56"]

{Motylev is the reigning European Champion and Wojtaszek is of course an
extremely strong player. Their game was anticipated to be quite an interesting
one.'} 1. e4 c5 2. Nf3 d6 3. Bb5+ Nd7 $5 {[%emt 0:00:06] Black usually
goes for this system when he wants to play for a win.'} (3... Bd7 {(Sagar Shah)
is more tame}) 4. O-O a6 5. Bd3 $5 {[%emt 0:
00:04] This became quite popular after Carlsen used it against Svidler in a
Norway tournament in March 2013. The idea is to play c3 followed by Bc2, and
then play d4.'} g6 (5... Ngf6 6. Re1 b5 7. c4 Ne5 8. Bf1 Nxc4
9. a4 Bd7 10. d4 cxd4 11. Nxd4 e5 12. axb5 exd4 13. Bxc4 axb5 14. Rxa8 Qxa8 15.
Bb3 Be7 16. Qxd4 O-O 17. Nc3 b4 18. Qxb4 Rb8 19. Qc4 Be6 20. Nd5 Bd8 21. h3 h6
22. Bf4 Qb7 23. Bc2 Ba5 24. Rd1 Bxd5 25. exd5 Rc8 26. Qb3 Qxb3 27. Bxb3 Rb8 28.
Bc4 Rxb2 29. Bxd6 Bb6 30. Be5 Rxf2 31. Kh2 Rf5 32. Bg3 h5 33. d6 Rc5 34. Be2
Ne4 35. d7 {Carlsen,M (2872)-Nakamura,H (2776) Zuerich 2014 1/2-1/2 (70)}) 6.
Re1 Bg7 7. c3 Ne5 8. Be2 (8. Bc2 {Sagar Shah} Bg4 {would be quite
unpleasant.}) 8... Nxf3+ 9. Bxf3 e5 10. d4 {[%emt 0:11:53] Sagar Shah: '?!' Sagar Shah: 'A daring pawn
sacrifice by Motylev, but it is a bad move which gives Black a good solid
advantage.'} (10. d3 {Sagar Shah} Nf6 11. Be3 O-O 12. d4 {Might be a safer way
to break in the center.}) 10... cxd4 11. cxd4 exd4 12. Na3 {[%emt 0:10:40] Sagar Shah: 'White wants to
regain the pawn now with Nc2.'} Ne7 13. e5 {[%emt 0:20:38]
Sagar Shah: 'White gets desperate and tries to complicate matters.'} (13. Nc2 {
Sagar Shah} Nc6 $15 {and white does not regain the pawn.}) (13. b3 {Sagar Shah}
Nc6 14. Bb2 O-O $15) 13... dxe5 14. Nc4 Nc6 (14... Qc7 {might have been even better.} 15. Qa4+ Bd7 16. Qb4
Bc6 17. Nd6+ Kf8 $17 {It is really unclear what White's compensation is.}) 15.
Bxc6+ {[%emt 0:05:12] White now gives up his important bishop to regain the
pawn.'} bxc6 16. Nxe5 Be6 (
16... O-O {was equally good.}) 17. Nxc6 Qb6 (
17... Qd6 {was very strong as the knight cannot return to the strong square e5
and then blockade on d3.}) 18. Ne5 O-O 19. b3 Rfd8 $15 20. Bb2 Rac8 (20... d3 $1 {it's surprsing why Radoslaw didn't
choose this move.} 21. Qd2 Rac8 $17) 21. Rc1 Rc5 22. Rxc5 Qxc5 23. Nd3 Qb5 {[%emt 0:00:49] Black is clearly better here because of the double bishop
advantage.'} 24. Qd2 Bf5 25. Rd1 h5 26. h3 Kh7 27. Bc1 Re8 28. Nf4 $2 {[%emt 0:01:11] White was
passive and in bad shape, but this just expedites the loss.'} Rc8 $1 {[%emt 0:
01:02][%csl Gf5][%cal Gc8c2] Invading on c2.'} 29. Qe2 Qxe2 30. Nxe2 Bc2 31. Rd2 d3 {[%emt 0:00:14] white rook will be lost.'} 32. Nf4 Bc3 33. Rxc2 (33. Rxd3 Bxd3 34. Nxd3
Rd8 $19 {is no better.}) 33... dxc2 34. Nd5 Re8 {[%emt 0:00:57] An effortless victory by Wojtaszek. Motylev's problems
began from the point when he made the overambitious move 10.d4? which was
totally not required. After that he was just trying to find compensation for
the sacrificed pawns, which didn't really exist. A very nice and easy win for
the Polish GM.'} 0-1